 Dungeon Crawl Stone Soup version 0.29-a0-341-g24ffce5b50 (webtiles) character file.

Game seed: 12252530245449030181

3 spaghetti the Sneak (level 1, -1/21 HPs)
             Began as a Naga Delver on Apr 20, 2022.
             Was an Initiate of Cheibriados.
             Slain by an ice beast (9 damage)
             ... on level 5 of the Dungeon.
             The game lasted 00:00:49 (399 turns).

spaghetti the Sneak (Naga Delver)                    Turns: 399, Time: 00:00:50

Health: -1/21      AC:  1    Str: 15    XL:     1   Next: 50%
Magic:  1/1        EV:  9    Int: 11    God:    Cheibriados [......]
Gold:   0          SH:  0    Dex: 13    Spells: 0/0 levels left

rFire   . . .      SeeInvis +   a - +0 falchion {long}
rCold   . . .      Faith    .   (no shield)
rNeg    . . .      Spirit   .   b - +0 leather armour
rPois   +          Reflect  .   (no helmet)
rElec   .          Harm     .   (no cloak)
rCorr   .          Rampage  .   (no gloves)
Will    .....                   (no barding)
Stlth   +++.......              (no amulet)
HPRegen 0.07/turn               (no ring)
MPRegen 0.07/turn               (no ring)

@: short of breath, very slow
A: AC +0, large, see invisible, deformed body, poison resistance, slowness 2,
spit poison 1, naga tail 1
a: Spit Poison, Renounce Religion


You were on level 5 of the Dungeon.
You worshipped Cheibriados.
Cheibriados was noncommittal.
You visited 1 branch of the dungeon, and saw 1 of its levels.


Innate Abilities, Weirdness & Mutations

Your serpentine skin is tough. (AC +0)
You have supernaturally acute eyesight. (SInv)
Armour fits poorly on your strangely shaped body.
Your system is resistant to poisons. (rPois)
You cover ground very slowly.
You can spit poison.
You have a snake-like lower body.


   Skills:
 - Level 3.0 Fighting
 - Level 2.0 Long Blades
 - Level 1.6 Dodging
 + Level 7.3 Stealth


You couldn't memorise any spells.
You didn't know any spells.
Your spell library was empty.

Inventory:

Hand Weapons
 a - a +0 falchion (weapon) {long}
Armour
 b - a +0 leather armour (worn)
Wands
 g - a wand of digging (3)
Scrolls
 c - a scroll of fog

Dungeon Overview and Level Annotations

Branches:
Dungeon (5/15)             Temple (0/1) D:5

Altars:
Cheibriados

.#......#.##.#.#.#.##^#,#,*
,#.............#.#....#.#,*
,#......#.##.###.#.#..#.#,*
.......>#........#......#.#
.####.#>####.#####........# .*
#.#.#**#.# #.#.######## **
#.#..,,#.# #.......# *
#.#.##,#.# #.#####.# *
#.###*,#$# #@#####.####### *
*,,,,..#.###Y............#
******,,,........#####.#####.#
,,,,,,,**###.##..#⌠≈≈#'#≈≈⌠#,*
,,,,,,,*****,*#..#≈≈≈≈≈≈≈≈≈#,*
,,,,,<,,,,,*,*#..#≈≈≈###≈≈≈#,*
,,,,,,,***,*,*#..##≈##.##≈##,*
,,,,,,,* *,*,,#...#≈#._.#≈#,,*
,,,,,,,* *,*,*#..##≈##.##≈##,*


You could see an ice beast.


Message History

🤖 Initializing magus.rc ...
Options error: Delay interrupt name "hungry" not recognised. (~/.crawlrc:4761) Options error: Bad monster_list_colour key: strict_neutral (~/.crawlrc:4776) ✅ Successfully initialized magus.rc [v1.9.6] Welcome, spaghetti the Naga Delver.
Will you prevail where others failed? Will you find the Orb of Zot?
Press ? for a list of commands and other information.
Found an escape hatch in the floor.
Found two stone staircases leading down.
Really read
d - a scroll of magic mapping {!r}?
As you read the scroll of magic mapping {!r}, it crumbles to dust.
You feel aware of your surroundings.
You sensed 2 altars.
An ice beast comes into view.
The ice beast closely misses you.
Aiming: Spit Poison (3% risk of failure)
Press: ? - help, Shift-Dir - straight line, f - ice beast
Aim: an ice beast (53% to hit)
The splash of poison hits the ice beast but does no damage.
The ice beast closely misses you.
Okay, then.
As you read the scroll of fear, it crumbles to dust.
You assume a fearsome visage.
The ice beast looks frightened!
You have got your breath back.
You open the door.
A worm comes into view.
Found a snail-covered altar of Cheibriados.
There is an open door here.
You enter the shallow water.
Moving in this stuff is going to be slow.
As you close the door, it creaks loudly!
Aiming: Spit Poison (3% risk of failure)
Press: ? - help, Shift-Dir - straight line, f - worm
Aim: a worm (84% to hit)
The splash of poison hits the worm.
The worm is poisoned.
The worm barely misses you.
You hit the worm. The worm bites you! 😮 HP[-8]
You take 8 damage, and now have 13/21 hp.
MASSIVE DAMAGE!! (PAUSE)
Okay, then.
Okay, then.
You feel yourself speed up.
You have got your breath back.
You hit the worm. The worm misses you.
You slash the worm!
You kill the worm!
There is a snail-covered altar of Cheibriados here.
You coil in front of the altar of Cheibriados.
Cheibriados welcomes you!
Cheibriados begins to support your attributes as your movement slows.
Cheibriados is now slowing the effects of poison on you.
Unknown command.
Press < or > to pray at altars.
You start resting.
Your extra speed is starting to run out.
You feel yourself slow down. 😎 HP[+8]
Your hp is fully restored (21).
You start waiting.
Done waiting.
You start waiting.
Done waiting.
Unknown command.
Press < or > to pray at altars.
You enter the shallow water.
Moving in this stuff is going to be slow.
You open the door.
There is an open door here.
An ice beast comes into view.
An ice beast is nearby!
Aiming: Spit Poison (3% risk of failure)
Press: ? - help, Shift-Dir - straight line, f - ice beast
Aim: an ice beast (wandering, hasn't noticed you, 53% to hit)
The splash of poison hits the ice beast but does no damage.
You aren't carrying any potions.
Okay, then.
Okay, then.
Okay, then.
The ice beast hits you. The ice beast freezes you! 😮 HP[-9]
You take 9 damage, and now have 12/21 hp.
MASSIVE DAMAGE!! (PAUSE)
You hit the ice beast but do no damage. The ice beast hits you.
* * * LOW HITPOINT WARNING * * *
The ice beast freezes you!
You die...

Action                   || total
-------------------------++-------
Melee: Falchion          ||     4
 Abil: Spit Poison       ||     3
  Use: Scroll            ||     2
       Potion            ||     1
Dodge: Dodged            ||     4

Levels and vault maps discovered:
D:5:      layout_basic, cheibrodos_worm_habitat, nicolae_overflow_hidden_temple,
          minmay_temple_entry_butterflies, hangedman_decor_riveting,
          minmay_misc_feat_chi

Notes
Turn   | Place    | Note
-------+----------+-------------------------------------------
     0 | D:5      | spaghetti the Naga Delver began the quest for the Orb.
     0 | D:5      | Reached XP level 1. HP: 21/21 MP: 1/1
     0 | D:5      | magus.rc [v1.9.6]
    20 | D:5      | Noticed an ice beast
    35 | D:5      | Found a snail-covered altar of Cheibriados.
    56 | D:5      | Became a worshipper of Cheibriados the Contemplative
   395 | D:5      | Noticed an ice beast
   399 | D:5      | Slain by an ice beast

Vanquished Creatures
  A worm (D:5)
1 creature vanquished.

Table legend:
 A = Non-vault XP
 B = Vault XP
 C = Vault XP percentage of total XP
 D = Non-vault monster count
 E = Vault monster count
 F = Vault count percentage of total count
                 A         B        C        D         E       F
            +---------+---------+-------+---------+---------+-------
      Total |       0 |       5 | 100.0 |       0 |       1 | 100.0
            +---------+---------+-------+---------+---------+-------
        D:5 |       0 |       5 | 100.0 |       0 |       1 | 100.0
            +---------+---------+-------+---------+---------+-------

Illustrated notes

Table legend:
 A = Kills in this place as a percentage of kills in entire the game.
 B = Kills by you in this place as a percentage of kills by you in the entire game.
 C = Kills by friends in this place as a percentage of kills by friends in the entire game.
 D = Other kills in this place as a percentage of other kills in the entire game.
 E = Experience gained in this place as a percentage of experience gained in the entire game.
 F = Experience gained in this place divided by the number of levels of this place that you have seen.
                   A       B       C       D       E      F
               +-------+-------+-------+-------+-------+----------------------
         Total | 100.0 | 100.0 |   N/A |   N/A | 100.0 |   5.0
       Dungeon | 100.0 | 100.0 |   N/A |   N/A | 100.0 |   5.0
               +-------+-------+-------+-------+-------+----------------------

Table legend: (Time is in decaauts)
 A = Elapsed time spent in this place.
 B = Non-inter-level travel time spent in this place.
 C = Inter-level travel time spent in this place.
 D = Time resting spent in this place.
 E = Time spent auto-exploring this place.
 F = Levels seen in this place.
 G = Mean time per level.
                   A        B        C        D        E       F      G
               +--------+--------+--------+--------+--------+-----+--------+
         Total |    430 |    404 |     26 |    303 |     38 |   1 |  430.0 |
       Dungeon |    430 |    404 |     26 |    303 |     38 |   1 |  430.0 |
               +--------+--------+--------+--------+--------+-----+--------+

Top non-repeatable levels by time:
     D:5: 430 daAuts
